 Dungeon Crawl Stone Soup version 0.27.0-1-g7a089689b8 (webtiles) character file.

Game seed: 4369939144716182855

22 SnakkuSnakku7 the Grave Robber (level 2, 0/18 HPs)
             Began as a Gargoyle Necromancer on Aug 5, 2021.
             Slain by an adder (1 damage)
             ... on level 2 of the Dungeon.
             The game lasted 00:02:53 (493 turns).

SnakkuSnakku7 the Grave Robber (GrNe)                Turns: 493, Time: 00:02:53

Health: 0/18       AC:  4    Str: 11    XL:     2   Next: 91%
Magic:  3/5        EV: 11    Int: 15    God:
Gold:   40         SH:  0    Dex: 10    Spells: 4/5 levels left

rFire    . . .     SeeInvis .   b - +0 spear
rCold    . . .     Faith    .   (no shield)
rNeg     + . .     Spirit   .   a - +0 robe
rPois    ∞         Reflect  .   (no helmet)
rElec    +         Harm     .   (no cloak)
rCorr    .         Rampage  .   (no gloves)
Will     .....                  (no boots)
Stlth    ++........             (no amulet)
HPRegen  0.06/turn              (no ring)
MPRegen  0.09/turn              (no ring)

@: no status effects
A: sickness immunity, AC +2, negative energy resistance 1, electricity
resistance, torment resistance 1, petrification resistance
a: no special abilities


You were on level 2 of the Dungeon.
You visited 1 branch of the dungeon, and saw 2 of its levels.

You collected 40 gold pieces.

Inventory:

Hand Weapons
 b - a +0 spear (weapon)
Armour
 a - a +0 robe (worn)
Scrolls
 d - a scroll of blinking {unknown}
 e - a scroll of teleportation {unknown}
 f - a scroll of identify {unknown}
Potions
 c - a potion of berserk rage {unknown}


   Skills:
 + Level 2.7 Fighting
 - Level 1.5 Dodging
 - Level 2.1 Stealth
 - Level 2.0 Spellcasting
 - Level 3.2 Necromancy


You had 4 spell levels left.
You knew the following spells:

 Your Spells              Type           Power      Damage    Failure   Level
a - Pain                  Necr           44%        1d6       6%          1

Your spell library contained the following spells:

 Spells                   Type           Power      Damage    Failure   Level
 Animate Skeleton         Necr           22%        N/A       6%          1
 Vampiric Draining        Necr           5%         2d6       17%         3
 Animate Dead             Necr           5%         N/A       50%         4
 Agony                    Necr           11%        N/A       85%         5


Dungeon Overview and Level Annotations

Branches:
Dungeon (2/15)

Altars:
Gozag


Innate Abilities, Weirdness & Mutations

You are immune to sickness and miasma.
Your stone body is resilient. (AC +2)
You are immune to poison.
You resist negative energy. (rN+)
You are resistant to electric shocks. (rElec)
You are resistant to unholy torment.
You are immune to petrification.


Message History

No target in view!
No target in view!
A bat and an adder come into view.
The bat moves out of view.
Found 12 gold pieces.
You see here a scroll labelled BUUPNA UPTYS.
f - a scroll labelled BUUPNA UPTYS The adder hisses angrily.
The bat closely misses you. The bat completely misses you.
You hit the adder.
The adder is heavily wounded.
The bat closely misses you. The adder bites you. The bat barely misses you.
You hit the adder.
The adder is heavily wounded.
The bat hits you but does no damage. The adder misses you.
You hit the adder.
The adder is almost dead.
The bat misses you. The adder bites you. The bat hits you but does no damage.
The adder bites you.
You are too injured to fight recklessly!
You are too injured to fight recklessly!
Casting: Pain (safe; 6% risk of failure)
Confirm with . or Enter, or press ? or * to list all spells.
Aiming: Pain (safe; 6% risk of failure)
Press: ? - help, Shift-Dir - straight line, f - adder
Aim: an adder (almost dead, chance to affect: 73%)
The adder writhes in agony.
The bat hits you but does no damage. The bat hits you.
* * * LOW HITPOINT WARNING * * *
The adder bites you.
* * * LOW HITPOINT WARNING * * *
Casting: Pain (safe; 6% risk of failure)
Confirm with . or Enter, or press ? or * to list all spells.
Aiming: Pain (safe; 6% risk of failure)
Press: ? - help, Shift-Dir - straight line, f/p - adder
Aim: an adder (almost dead, chance to affect: 73%)
The adder struggles to resist.
The bat hits you but does no damage. The bat barely misses you.
The adder bites you.
You die...

### #.# ####### #..
##.....# #.# #......##
#.# #..._...# #.#
.#######.b.....########.#
........@S..............#
.....................#..#
.#.########..#######.#...
#...# #####.#.##
.b...............
.......####.##...##
........# ##..##
........# # #.....
.$......####.##.....


You could see an adder and a bat.

Vanquished Creatures
  A dart slug (D:1)
  An endoplasm (D:2)
  A goblin (D:2)
  2 hobgoblins
  2 quokkas (D:2)
  5 ball pythons (D:1)
  4 bats
  2 kobolds
18 creatures vanquished.

Notes
Turn   | Place    | Note
-------+----------+-------------------------------------------
     0 | D:1      | SnakkuSnakku7 the Gargoyle Necromancer began the quest for
                  | the Orb.
     0 | D:1      | Reached XP level 1. HP: 10/10 MP: 3/3
   125 | D:1      | Reached skill level 1 in Fighting
   167 | D:1      | Reached XP level 2. HP: 11/17 MP: 5/5
   474 | D:2      | Found an opulent altar of Gozag.
   493 | D:2      | Slain by an adder

Illustrated notes

Levels and vault maps discovered:
D:1:      tarquinn_simple_flora_water_a, layout_basic, minmay_heptomino_h4
D:2:      layout_basic, basic_altar

Skill      XL: |  1  2 |
---------------+-------+-----
Fighting       | 1 2 |  2.7
Dodging        | |  1.5
Stealth        | |  2.1
Spellcasting   | |  2.0
Necromancy     | |  3.2

Action                   || total
-------------------------++-------
Melee: Spear             ||    76
 Cast: Pain              ||     5
 Stab: Sleeping          ||     4
Armor: Robe              ||    37
Dodge: Dodged            ||    51
